 Dungeon Crawl Stone Soup version 0.17.0-28-g6e173f8 (webtiles) character file.

10453 septik the Cleaver (level 11, -1/99 (100) HPs)
             Began as a Minotaur Berserker on Nov 23, 2015.
             Was a High Priest of Trog.
             Slain by a polar bear (22 damage)
             ... in an ice cave.
             The game lasted 00:19:36 (8195 turns).

septik the Cleaver (Minotaur Berserker)             Turns: 8195, Time: 00:19:36

HP:   -1/99 (100)   AC: 24    Str: 24    XL:     11   Next: 36%
MP:   0/1           EV: 13    Int:  4    God:    Trog [*****.]
Gold: 320           SH:  0    Dex: 15    Spells: 0 memorised, 10 levels left

rFire  . . .     SeeInvis .     Z - +1 executioner's axe (freeze)
rCold  . . .     Clarity  .     S - +7 chain mail of the Farrier {rElec rPois MP-9 Slay-5}
rNeg   . . .     SustAt   .     (shield currently unavailable)
rPois  +         Gourm    .     C - +1 hat
rElec  +         Spirit   +     D - +1 cloak
rCorr  .         Warding  .     (no gloves)
rMut   .         Stasis   .     b - +0 pair of boots
MR     ++...                    d - amulet of guardian spirit
Stlth  ..........               R - +4 ring of dexterity
                                l - +1 ring of protection

@: exhausted, regenerating, slowed, very slow, very resistant to hostile
enchantments, extremely unstealthy
A: retaliatory headbutt, horns 2
a: Berserk, Trog's Hand, Brothers in Arms, Burn Spellbooks, Renounce Religion


You were in an ice cave.
You worshipped Trog.
Trog was extremely pleased with you.
You were very hungry.

You visited 2 branches of the dungeon, and saw 12 of its levels.
You also visited: Sewer and Ice Cave.

You collected 600 gold pieces.
You spent 280 gold pieces at shops.

Inventory:

Hand Weapons
 a - a +0 hand axe
 t - the +5 scythe "Finisher" {speed, Str+3}
   (You found it in a sewer)

   Attacks with this weapon are significantly faster.
   It affects your strength (+3).
 I - a +0 war axe
 O - a +3 battleaxe
 Z - a +1 executioner's axe of freezing (weapon)
Missiles
 f - 189 stones (quivered)
 k - 3 needles of confusion
 X - 2 throwing nets
Armour
 b - a +0 pair of boots (worn)
 C - a +1 hat (worn)
 D - a +1 cloak (worn)
 K - a troll hide
 S - the +7 chain mail of the Farrier (worn) {rElec rPois MP-9 Slay-5}
   (You found it on level 8 of the Dungeon)

   It affects your accuracy and damage with ranged weapons and melee attacks
   (-5).
   It insulates you from electricity.
   It protects you from poison.
   It affects your magic capacity (-9).
Jewellery
 d - an amulet of guardian spirit (around neck)
 l - a +1 ring of protection (left hand)
 s - an uncursed ring of poison resistance
 y - an uncursed amulet of rage
 F - an uncursed ring of wizardry
 R - a +4 ring of dexterity (right hand)
Wands
 w - a wand of fire (5)
 N - a wand of cold (9)
 P - a wand of confusion (18)
 Y - a wand of digging (13)
Scrolls
 h - a scroll of blinking {unknown}
 j - a scroll of brand weapon {unknown}
 o - 6 scrolls of identify
 r - 2 scrolls of fear
 v - 6 scrolls of remove curse
 x - a scroll of fog {unknown}
 H - 2 scrolls of teleportation
 M - 3 scrolls of holy word {unknown}
 V - a scroll of magic mapping
 W - a scroll of recharging {unknown}
Potions
 e - a potion of haste
 g - a potion of ambrosia {unknown}
 i - 5 potions of curing {unknown}
 m - 2 potions of lignification {unknown}
 p - 2 potions of agility {unknown}
 u - a potion of mutation {unknown}
 z - 5 potions of degeneration {unknown}
 L - 3 potions of cancellation {unknown}
 T - 3 potions of heal wounds {unknown}
Books
 B - a book of the Tempests

   Spells                             Type                      Level
   a - Static Discharge               Conjuration/Air              3
   b - Lightning Bolt                 Conjuration/Air              5
   c - Fireball                       Conjuration/Fire             5
   d - Tornado                        Air                          9
   e - Shatter                        Earth                        9
   Trog disapproves of the use of such an item.
Miscellaneous
 J - a sack of spiders
Comestibles
 c - 7 bread rations
 n - 8 meat rations
 q - 3 beef jerkies
 A - 7 fruits
 E - 3 slices of pizza
 G - 16 chunks of flesh


   Skills:
 + Level 10.2 Fighting
 * Level 13.6 Axes
 + Level 10.0 Armour
 + Level 9.1 Dodging


You had 10 spell levels left.
You didn't know any spells.

Dungeon Overview and Level Annotations

Branches:
Dungeon (11/15)            Temple (0/1) D:4            Lair (1/8) D:9
    Orc: D:9-12

Altars:
Elyvilon
Fedhas
Makhleb
Okawaru
Qazlal
Sif Muna
Trog
Vehumet
Xom
Yredelemnul
Zin
The Shining One

Shops:
D:9 (%%=[

Annotations:
D:9 +4 slaying ring 1092 gold


Innate Abilities, Weirdness & Mutations

You reflexively headbutt those who attack you in melee.
You have a pair of horns on your head.


Message History

The polar bear completely misses you.
The polar bear claws you but does no damage.
The polar bear misses you. You furiously retaliate!
You headbutt the polar bear, but do no damage.
The polar bear barely misses you.
The polar bear claws you but does no damage.
Your chain mail of the Farrier prevents you from hitting the polar bear.
The polar bear is almost dead.
The polar bear bites you but does no damage.
The polar bear closely misses you. x2
The polar bear bites you.
* * * LOW HITPOINT WARNING * * *
The polar bear barely misses you. x2
The polar bear closely misses you.
The polar bear claws you but does no damage.
The polar bear barely misses you.
You barely miss the polar bear.
The polar bear is almost dead.
The polar bear bites you!!
You die...

### ##§## ##§§§## ###
##§§§§.#
####.###.§#.#...#
###......@h###h#.....
##÷.∩.....### ## ...#
#.∩....#.## ###
#..####### ####


You could see a polar bear (berserk).

Vanquished Creatures
  A hill giant (D:10)
  A kobold demonologist (D:10)
  A polar bear (IceCv)
  Prince Ribbit (D:6)
  2 trolls (D:9)
  A two-headed ogre (D:8)
  A wyvern (D:8)
  A deep elf mage (D:9)
  The ghost of septik the Twirler, an amateur DsGl (D:5)
  23 yaks
  2 hippogriffs
  Menkaure (D:5)
  9 wolves
  A water moccasin (D:10)
  An ice beast (D:6)
  2 sky beasts
  3 orc warriors
  Purgy (Sewer)
  A black bear (D:8)
  4 ogres
  3 necrophages
  A centaur (D:10)
  A phantom (D:7)
  4 giant frogs
  A gnoll sergeant (D:8)
  A scorpion (D:7)
  2 centaur zombies
  An electric eel (Lair:1)
  5 wights (D:8)
  5 crimson imps
  A hound (D:10)
  3 orc priests (D:10)
  5 giant frog skeletons
  3 jellies
  2 orc wizards
  2 iguanas
  9 worker ants
  A killer bee zombie (D:6)
  A hound zombie (D:9)
  A hound skeleton (D:9)
  13 gnolls
  A worker ant zombie (D:5)
  13 river rats (Lair:1)
  9 adders
  A shadow imp (D:8)
  3 oozes
  2 worms (D:2)
  7 giant geckos
  20 orcs
  A ball python (D:2)
  7 goblins
  10 hobgoblins
  3 jackals (D:4)
  A quokka (D:4)
  6 bats
  6 giant cockroaches
  8 giant newts
  A jackal zombie (D:5)
  10 kobolds
  A quokka skeleton (D:8)
  A quokka zombie (D:9)
  10 rats
244 creatures vanquished.

Vanquished Creatures (others)
  A yak (IceCv)
  2 wolves (IceCv)
  A plant (Lair:1)
4 creatures vanquished.

Grand Total: 248 creatures vanquished

Notes
Turn   | Place    | Note
--------------------------------------------------------------
     0 | D:1      | septik the Minotaur Berserker began the quest for the Orb.
     0 | D:1      | Reached XP level 1. HP: 19/19 MP: 0/0
   167 | D:1      | Reached skill level 4 in Axes
   201 | D:1      | Reached XP level 2. HP: 24/26 MP: 1/1
   769 | D:1      | Reached ** piety under Trog
   915 | D:2      | Found a blossoming altar of Fedhas.
   919 | D:2      | Reached XP level 3. HP: 33/33 MP: 2/2
  1268 | D:2      | Found an iron altar of Okawaru.
  1589 | D:2      | Reached skill level 5 in Axes
  1589 | D:2      | Reached XP level 4. HP: 35/40 MP: 3/3
  1813 | D:3      | Reached *** piety under Trog
  2035 | D:3      | Found a bloodstained altar of Trog.
  2035 | D:3      | Reached XP level 5. HP: 47/47 MP: 4/4
  2501 | D:4      | Reached skill level 6 in Axes
  2561 | D:4      | Reached XP level 6. HP: 50/55 MP: 5/5
  2668 | D:4      | Found a bloodstained altar of Trog.
  2668 | D:4      | Found an iron altar of Okawaru.
  2792 | D:4      | Found a staircase to the Ecumenical Temple.
  2966 | D:4      | Reached skill level 5 in Fighting
  3038 | D:5      | Entered Level 5 of the Dungeon
  3038 | D:5      | Noticed Menkaure
  3047 | D:5      | Killed Menkaure
  3047 | D:5      | Reached XP level 7. HP: 40/61 MP: 3/6
  3085 | D:5      | Noticed a yak
  3085 | D:5      | Noticed a yak
  3085 | D:5      | Noticed a yak
  3085 | D:5      | Noticed a yak
  3086 | D:5      | Noticed a yak
  3125 | D:5      | Reached skill level 7 in Axes
  3127 | D:5      | Killed a yak
  3131 | D:5      | Killed a yak
  3131 | D:5      | Reached skill level 5 in Armour
  3133 | D:5      | Killed a yak
  3133 | D:5      | Reached skill level 8 in Axes
  3133 | D:5      | Reached skill level 5 in Dodging
  3138 | D:5      | Killed a yak
  3138 | D:5      | Reached XP level 8. HP: 52/70 MP: 4/7
  3140 | D:5      | Killed a yak
  3485 | D:5      | Noticed septik's ghost (amateur DsGl)
  3495 | D:5      | Killed septik's ghost
  3495 | D:5      | Reached skill level 9 in Axes
  3531 | D:5      | Found a deep blue altar of Sif Muna.
  3622 | D:5      | Found a radiant altar of Vehumet.
  3963 | D:6      | Found a glowing drain.
  3978 | Sewer    | Entered a sewer
  3984 | Sewer    | Noticed Purgy
  3991 | Sewer    | Killed Purgy
  3995 | Sewer    | Reached **** piety under Trog
  4410 | D:6      | Found a shimmering altar of Xom.
  4480 | D:6      | Reached XP level 9. HP: 49/78 MP: 4/8
  4541 | D:6      | Noticed Prince Ribbit
  4546 | D:6      | Killed Prince Ribbit
  4546 | D:6      | Reached skill level 10 in Axes
  5131 | D:7      | Found a glowing silver altar of Zin.
  5519 | D:7      | Found a stormy altar of Qazlal.
  5520 | D:7      | Found a white marble altar of Elyvilon.
  5640 | D:8      | Got a translucent chain mail
  5651 | D:8      | Identified the +7 chain mail of the Farrier {rElec rPois MP-9 Slay-5} (You found it on level 8 of the Dungeon)
  5746 | D:8      | Reached skill level 11 in Axes
  5871 | D:8      | Found a basalt altar of Yredelemnul.
  6068 | D:8      | Reached ***** piety under Trog
  6113 | D:8      | Reached XP level 10. HP: 87/89 MP: 0/9
  6465 | D:9      | Found a glowing golden altar of the Shining One.
  6548 | D:9      | Found a burning altar of Makhleb.
  6548 | D:9      | Noticed a balrug
  6587 | D:9      | Received a gift from Trog
  6587 | D:9      | Reached skill level 12 in Axes
  6627 | D:9      | Found Cuurirph's Antique Weapon Shop.
  6637 | D:9      | Found Muvvaxkyege's Food Boutique.
  6639 | D:9      | Found Tigaops's Jewellery Shop.
  6648 | D:9      | Found a radiant altar of Vehumet.
  6658 | D:9      | Bought an uncursed ring of poison resistance for 280 gold pieces
  6681 | D:9      | Found a staircase to the Lair.
  6683 | D:9      | Found Cehil's Armour Boutique.
  6732 | D:9      | You fall through a shaft for 2 floors!
  6791 | D:10     | Entered Level 10 of the Dungeon
  6847 | D:10     | Noticed a hill giant
  6853 | D:10     | Killed a hill giant
  7217 | D:9      | Reached skill level 13 in Axes
  7263 | D:9      | Reached XP level 11. HP: 98/98 MP: 1/10
  7527 | D:9      | Found Osaistreacw's Food Emporium.
  7889 | Lair:1   | Entered Level 1 of the Lair of Beasts
  7996 | Lair:1   | Found a frozen archway.
  8014 | Lair:1   | Reached skill level 10 in Fighting
  8135 | IceCv    | Entered an ice cave
  8176 | IceCv    | Reached skill level 10 in Armour
  8195 | IceCv    | Slain by a polar bear

Action                   |  1- 3 |  4- 6 |  7- 9 | 10-12 || total
-------------------------+-------+-------+-------+-------++-------
Melee: Hand axe          |   101 |   138 |    95 |       ||   334
       War axe           |       |       |   102 |       ||   102
       Battleaxe         |       |       |    60 |    65 ||   125
       Executioner's axe |       |       |       |   141 ||   141
Invok: Berserk           |       |     1 |     1 |     1 ||     3
       Trog's Hand       |       |       |     1 |     2 ||     3
  Use: Scroll            |       |       |     7 |       ||     7
 Stab: Sleeping          |     1 |       |       |       ||     1
  Eat: Chunk             |     2 |     5 |    12 |     7 ||    26
